 Dungeon Crawl Stone Soup version 0.21.1-1-g345015f (webtiles) character file.

4092 tyranidshit the Fighter (level 10, -2/90 HPs)
             Began as a Demonspawn Abyssal Knight on July 27, 2018.
             Was an Elder of Lugonu.
             Slain by a bone dragon (9 damage)
             ... summoned by Lugonu's corruption
             ... on level 8 of the Dungeon.
             The game lasted 00:30:09 (7240 turns).

tyranidshit the Fighter (Demonspawn Abyssal Knight) Turns: 7240, Time: 00:30:09

Health: -2/90      AC: 16    Str: 20    XL:     10   Next: 5%
Magic:  15/16      EV:  7    Int: 14    God:    Lugonu [****..]
Gold:   243        SH: 14    Dex: 15    Spells: 9/9 levels left

rFire    . . .     SeeInvis .   f - +5 war axe (elec)
rCold    + + .     Gourm    .   h - +0 large shield
rNeg     . . .     Faith    +   t - +3 ring mail
rPois    .         Spirit   .   (helmet restricted)
rElec    .         Reflect  .   (no cloak)
rCorr    .         Harm     .   l - +2 pair of gloves
MR       .....                  w - +2 pair of boots
Stlth    +.........             j - amulet of faith
HPRegen  0.00/turn              g - ring of protection from cold
MPRegen  0.15/turn              y - +1 ring of protection

@: mighty, very slightly contaminated
A: antennae 1, talons 2, thin skeletal structure 1, blink, cold resistance 1,
powered by death 2, robust 1, inhibited regeneration, freezing cloud immunity
a: Blink, Depart the Abyss, Bend Space, Banish, Corrupt, Renounce Religion


You were on level 8 of the Dungeon.
You worshipped Lugonu.
Lugonu was greatly pleased with you.
You were not hungry.

You visited 2 branches of the dungeon, and saw 10 of its levels.
You visited the Abyss 1 time.

You collected 419 gold pieces.
You spent 176 gold pieces at shops.

Inventory:

Hand Weapons
 f - a +5 war axe of electrocution (weapon)
 G - a +3 vampiric hand axe
Armour
 h - a +0 large shield (worn)
 l - a +2 pair of gloves (worn)
 t - a +3 ring mail (worn)
 w - a +2 pair of boots (worn)
Jewellery
 e - a +2 amulet of reflection
 g - a ring of protection from cold (left hand)
 j - an amulet of faith (around neck)
 m - an uncursed ring of flight
 q - an uncursed ring of magical power
 x - an uncursed amulet of the gourmand
 y - a +1 ring of protection (right hand)
 B - an uncursed ring of wizardry
Wands
 s - a wand of flame (51)
 D - a wand of digging (15)
Scrolls
 a - 8 scrolls of remove curse
 i - a scroll of identify
 k - a scroll of amnesia
Potions
 r - 2 potions of magic
 C - a potion of might
Comestibles
 c - 12 rations


   Skills:
 + Level 8.6 Fighting
 + Level 4.4 Axes
 - Level 5.1 Armour
 - Level 0.8 Dodging
 - Level 4.6 Shields
 - Level 8.1 Invocations
 - Level 5.8 Evocations


You had 9 spell levels left.
You didn't know any spells.

Dungeon Overview and Level Annotations

Branches:
Dungeon (9/15)             Temple (1/1) D:6
   Lair: D:8-11         Orc: D:9-12

Altars:
Cheibriados
Dithmenos
Elyvilon
Fedhas
Gozag
Hepliaklqana
Kikubaaqudgha
Makhleb
Nemelex Xobeh
Okawaru
Qazlal
Sif Muna
Trog
Uskayaw
Vehumet
Wu Jian
Xom
Yredelemnul
Zin
The Shining One
Lugonu

Shops:
D:4 (   D:7 (

Annotations:
D:8 corrupted


Innate Abilities, Weirdness & Mutations

You have razor-sharp toenails.
You have a somewhat thin skeletal structure. (Dex +2, Stealth)
Your flesh is cold resistant. (rC+)
You regenerate health from kills.
You are immune to freezing clouds.
You have a pair of small antennae on your head.
You can translocate small distances at will.
You are robust. (+10% HP)
You do not regenerate when monsters are visible.


Message History

The sixfirhy barely misses you. You block the sixfirhy's attack.
The sixfirhy completely misses you. The bone dragon barely misses you. x2
The bone dragon tramples you!
* * * LOW HITPOINT WARNING * * *
You stumble backwards!
The skeletal warrior hits something with a hand axe!!
The skeletal warrior closely misses the wraith.
The bone dragon refuses to make way for you. (Use ctrl+direction to attack.)
Okay, then.
You feel very mighty all of a sudden.
The wraith disappears in a puff of smoke!
Tentacles burst from the starspawn's body!
The worldbinder calls forth creatures from the Crypt!
You block the bone dragon's attack. x3
The vampire mosquito bites you but does no damage. 2 starspawn tentacles come into view.
You eat one of the 13 rations.
That ration really hit the spot!
You block the vampire mosquito's attack.
The bone dragon bites you!
You die...

# ############..W..W.......#
# #....#.. #...######.p..# #
#.##.#.# #.z## #....#
####.##.#.# #.#..# #8.8.#
....>##.#.# #.##.#.######(#.#
####.##.#.###...x#.....'..#.#
$....##...!..#
#.#.|...'..#W##
...#.#######.#
#y#.######/#..#
.$.D.##....#.# #@# #8.8.##
.x...##.5..#.###D## #....#
....x##.#.h....53X######....#
..Z..##x X'.....ww......W...#
.###.4Z####...........WW#####
......GW[(X((...x?.....#
#uX.##XW#....t..u......#
##.x3..#{.#3.(.[.Z.....#
#....#.##.#.3..........#


You could see a skeletal warrior, a vampire mosquito, a neutral bone dragon
(wandering), a neutral red very ugly thing, a neutral tentacled starspawn, a
neutral apocalypse crab, a neutral worldbinder, a neutral sixfirhy, a neutral
neqoxec (wandering), a neutral small abomination, 2 neutral starspawn tentacles,
a neutral iron imp and a neutral spiny frog zombie (wandering).

Vanquished Creatures
  The ghost of theblackcape the Charmwright, a novice GnSk (D:8)
  The ghost of Ymberto the Skirmisher, an amateur HuHu (D:3)
  A hippogriff (D:7)
  Eustachio (D:6)
  A hungry ghost (D:8)
  Edmund (D:5)
  A water moccasin (D:7)
  A black bear (D:7)
  A sky beast (D:5)
  2 eyes of draining (D:3)
  An ogre (D:7)
  5 centaurs
  2 big kobolds (D:8)
  3 bullfrogs
  5 killer bees (D:8)
  7 wights
  A jelly (D:8)
  A howler monkey (D:7)
  A bullfrog zombie (D:5)
  4 crimson imps
  A centaur zombie (D:5)
  2 hounds
  A bullfrog skeleton (D:5)
  An orc priest (D:3)
  Natasha (D:3)
  An iguana (D:8)
  Terence (D:3)
  3 orc wizards
  2 worker ants
  A hound skeleton (D:9)
  A mummy (D:6)
  11 adders
  10 gnolls
  2 howler monkey skeletons
  4 shadow imps
  An ooze (D:1)
  2 adder skeletons (D:5)
  2 worms (D:4)
  3 dart slugs
  5 leopard geckos
  22 orcs
  9 bats
  7 giant cockroaches
  4 goblins
  6 hobgoblins
  8 jackals
  4 quokkas
  A ball python (D:1)
  6 frilled lizards
  A hobgoblin zombie (D:6)
  A jackal zombie (D:8)
  13 kobolds
  2 kobold zombies (D:6)
  A leopard gecko zombie (D:8)
  An orc zombie (D:6)
  A quokka skeleton (D:8)
  2 rats (D:3)
185 creatures vanquished.

Vanquished Creatures (collateral kills)
  A killer bee (D:8)
1 creature vanquished.

Vanquished Creatures (others)
  A cyclops (D:8)
  Joseph (D:8)
  A troll (D:8)
  3 killer bees (D:8)
  2 starspawn tentacles (D:8)
8 creatures vanquished.

Grand Total: 194 creatures vanquished

Notes
Turn   | Place    | Note
-------+----------+-------------------------------------------
     0 | Abyss:1  | tyranidshit the Demonspawn Abyssal Knight began the quest for the Orb.
     0 | Abyss:1  | Reached XP level 1. HP: 18/18 MP: 2/2
    36 | Abyss:2  | Noticed an apocalypse crab
    63 | Abyss:2  | Noticed a lich
    79 | Abyss:3  | Identified a scroll of acquirement
   100 | Abyss:3  | Noticed a ynoxinul
   117 | D:1      | Escaped the Abyss
   333 | D:1      | Reached * piety under Lugonu
   337 | D:1      | Gained mutation: Your flesh is cold resistant. (rC+) [demonic ancestry]
   337 | D:1      | Reached XP level 2. HP: 21/25 MP: 3/3
   415 | D:1      | Found a sparkling altar of Nemelex Xobeh.
   833 | D:1      | Gained mutation: You are robust. (+10% HP) [potion of mutation]
   833 | D:1      | Gained mutation: You have a pair of small antennae on your head. [potion of mutation]
   833 | D:1      | Gained mutation: You do not regenerate when monsters are visible. [potion of mutation]
   833 | D:1      | Gained mutation: You can translocate small distances at will. [potion of mutation]
   982 | D:2      | Gained mutation: You have sharp toenails. [demonic ancestry]
   982 | D:2      | Reached XP level 3. HP: 23/33 MP: 4/4
  1350 | D:2      | Found a snail-covered altar of Cheibriados.
  1578 | D:3      | Reached ** piety under Lugonu
  1578 | D:3      | Reached skill level 5 in Fighting
  1578 | D:3      | Reached XP level 4. HP: 3/42 MP: 5/5
  1973 | D:3      | Noticed Terence
  1986 | D:3      | Killed Terence
  2000 | D:3      | Noticed Ymberto's ghost (amateur HuHu)
  2341 | D:3      | Found a bloodstained altar of Trog.
  2341 | D:3      | Noticed an eye of draining
  2347 | D:3      | Noticed an eye of draining
  2353 | D:3      | Killed an eye of draining
  2353 | D:3      | Gained mutation: You are immune to freezing clouds. [demonic ancestry]
  2353 | D:3      | Reached XP level 5. HP: 36/51 MP: 0/6
  2356 | D:3      | Killed an eye of draining
  2356 | D:3      | Reached XP level 6. HP: 42/60 MP: 0/7
  2536 | D:3      | Found a faded altar of an unknown god.
  2547 | D:3      | Noticed Natasha
  2554 | D:3      | Killed Natasha
  2748 | D:4      | Reached skill level 1 in Shields
  2763 | D:4      | Found Baumasch's Weapon Boutique.
  2765 | D:4      | Reached *** piety under Lugonu
  2953 | D:4      | Found a hide-covered altar of Uskayaw.
  2969 | D:4      | Found a white marble altar of Elyvilon.
  3082 | D:4      | Found an ancient bone altar of Kikubaaqudgha.
  3179 | D:4      | Gained mutation: You regenerate a little health from kills. [demonic ancestry]
  3179 | D:4      | Reached XP level 7. HP: 56/66 MP: 8/8
  3396 | D:5      | Entered Level 5 of the Dungeon
  3504 | D:5      | Got a translucent quarterstaff
  3505 | D:5      | Identified the cursed +1 quarterstaff "Dechodon" {pain, +Rage Int+3 Stlth+} (You found it on level 5 of the Dungeon)
  3662 | D:5      | Noticed Edmund
  3674 | D:5      | Killed Edmund
  3904 | D:5      | Reached **** piety under Lugonu
  4454 | D:4      | Bought a +1 vampiric hand axe for 176 gold pieces
  4545 | D:3      | Killed Ymberto's ghost
  4545 | D:3      | Gained mutation: You regenerate health from kills. [demonic ancestry]
  4545 | D:3      | Reached XP level 8. HP: 66/73 MP: 9/9
  4636 | D:6      | Found a hazy altar of Hepliaklqana.
  4644 | D:6      | Found a staircase to the Ecumenical Temple.
  4654 | D:6      | Reached skill level 5 in Armour
  4697 | Temple   | Entered the Ecumenical Temple
  4868 | D:6      | Noticed Eustachio
  4877 | D:6      | Killed Eustachio
  4877 | D:6      | Reached skill level 1 in Evocations
  5123 | D:6      | Reached skill level 5 in Invocations
  5562 | D:7      | Found Lulorox's Antique Weapon Boutique.
  5567 | D:7      | You fall through a shaft for 2 floors!
  5567 | D:9      | Noticed a two-headed ogre
  5687 | D:8      | Noticed theblackcape's ghost (novice GnSk)
  5721 | D:8      | Killed theblackcape's ghost
  5721 | D:8      | Gained mutation: You have a somewhat thin skeletal structure. (Dex +2, Stealth) [demonic ancestry]
  5721 | D:8      | Reached XP level 9. HP: 54/79 MP: 12/14
  5744 | D:8      | Reached skill level 5 in Evocations
  5761 | D:8      | Found an ornate altar of the Wu Jian Council.
  5829 | D:8      | Noticed Joseph
  6214 | D:7      | Reached ***** piety under Lugonu
  6255 | D:7      | Found a glowing silver altar of Zin.
  6493 | D:7      | Found a shadowy altar of Dithmenos.
  6942 | D:8      | Gained mutation: You have razor-sharp toenails. [demonic ancestry]
  6942 | D:8      | Reached XP level 10. HP: 69/90 MP: 16/16
  7088 | D:8      | Found a burning altar of Makhleb.
  7088 | D:8      | Noticed an Executioner
  7091 | D:8      | Noticed a smoke demon
  7149 | D:8      | Found a shimmering altar of Xom.
  7179 | D:8      | Noticed a cyclops
  7197 | D:8      | Corrupted D:8
  7197 | D:8      | Noticed a sixfirhy
  7197 | D:8      | Noticed a worldbinder
  7197 | D:8      | Noticed an Executioner
  7198 | D:8      | Noticed a tentacled starspawn
  7198 | D:8      | Noticed a bone dragon
  7199 | D:8      | Killed Joseph
  7202 | D:8      | Noticed a red very ugly thing
  7202 | D:8      | Killed a cyclops
  7208 | D:8      | Found a large runed door.
  7209 | D:8      | Found a large runed door.
  7222 | D:8      | Noticed a skeletal warrior
  7232 | D:8      | Noticed a necromancer
  7238 | D:8      | Noticed an apocalypse crab
  7238 | D:8      | Noticed a large abomination
  7240 | D:8      | Slain by a bone dragon

Skill      XL: |  1  2  3  4  5  6  7  8  9 |
---------------+----------------------------+-----
Fighting       | 4 5 6 7 8 |  8.6
Armour         | 2 4 5 |  5.1
Shields        | 1 4 |  4.6
Invocations    | 7 8 |  8.1
Evocations     | 4 5 |  5.8
Axes           | 4 |  4.4
Dodging        | |  0.8

Action                   |  1- 3 |  4- 6 |  7- 9 | 10-12 || total
-------------------------+-------+-------+-------+-------++-------
Melee: War axe           |    63 |   124 |   291 |    37 ||   515
       Kick              |     5 |    19 |     1 |       ||    25
Invok: Depart the Abyss  |     1 |       |       |       ||     1
       Banish            |       |       |     3 |       ||     3
       Corrupt           |       |       |       |     1 ||     1
Evoke: Wand              |       |       |    19 |     7 ||    26
  Use: Scroll            |     5 |     4 |    13 |     3 ||    25
       Potion            |     4 |     3 |     8 |     1 ||    16
 Stab: Distracted        |       |       |     1 |       ||     1
       Sleeping          |       |       |     1 |       ||     1
  Eat: Ration            |     1 |     1 |     7 |     1 ||    10
       Chunk             |       |       |     1 |       ||     1
Armor: Chain mail        |    53 |   100 |       |       ||   153
       Ring mail         |       |     7 |   177 |    30 ||   214
Dodge: Dodged            |    15 |     8 |    68 |    21 ||   112
Block: Large shield      |    14 |    74 |   237 |    77 ||   402
